 Dungeon Crawl Stone Soup version 0.14-a0-852-g0ba292f (webtiles) character file.

368 MackTheKnife the Charlatan (level 6, -1/39 HPs)
             Began as a Halfling Artificer on Nov 15, 2013.
             Was an Initiate of Nemelex Xobeh.
             Killed from afar by an orc wizard (6 damage)
             ... with a magic dart
             ... on Level 4 of the Dungeon.
             The game lasted 00:07:34 (4076 turns).

MackTheKnife the Charlatan (Halfling Artificer)     Turns: 4076, Time: 00:07:34

HP  -1/39        AC  3     Str  8      XL: 6   Next: 18%
MP  10/10        EV 15     Int 17      God: Nemelex Xobeh [......]
Gold 148         SH  0     Dex 19      Spells:  0 memorised,  5 levels left

Res.Fire  : . . .   See Invis. : .   u - +2,+1 short sword
Res.Cold  : . . .   Warding    : .   e - +0 leather armour
Life Prot.: . . .   Conserve   : .   (no shield)
Res.Poison: .       Res.Corr.  : .   (no helmet)
Res.Elec. : .       Clarity    : .   (no cloak)
Sust.Abil.: . .     Spirit.Shd : .   (no gloves)
Res.Mut.  : .       Stasis     : .   (no boots)
Res.Rott. : .       Flight     : +   (no amulet)
Saprovore : . . .                    (no ring)
                                     y - ring of flight

@: brilliant, flying, slowed, very slow, slightly resistant to hostile
enchantments, fairly stealthy
A: mutation resistance 1, slow metabolism 1
a: Renounce Religion


You were on level 4 of the Dungeon.
You worshipped Nemelex Xobeh.
Nemelex Xobeh was noncommittal.
You were not hungry.

You visited 2 branches of the dungeon, and saw 5 of its levels.

You collected 148 gold pieces.


Innate Abilities, Weirdness & Mutations

You are small and have problems with some larger weapons.
You are somewhat resistant to further mutation.
You have a slow metabolism.


   Skills:
 - Level 0.8 Fighting
 + Level 4.2 Short Blades
 + Level 4.8 Dodging
 - Level 1.3 Stealth
 + Level 4.9 Evocations


You had 5 spell levels left.
You didn't know any spells.

Inventory:

Hand weapons
 u - a +2,+1 short sword (weapon)
Armour
 e - a +0 leather armour (worn)
Magical devices
 c - a wand of enslavement (4)
 d - a wand of random effects (7)
Comestibles
 f - 6 bread rations
 m - 3 pears
 n - a chunk of gnoll flesh {@*1}
 o - a chunk of gnoll flesh {@*1}
Scrolls
 a - a scroll of enchant weapon II
 h - a scroll of amnesia
 j - a scroll of identify
 p - a scroll of fog
 x - a scroll of recharging
Jewellery
 y - a ring of flight (left hand)
Potions
 s - a potion of magic

▒··▒▒▒▒·▒▒·▒ ▒·▒
▒··▒ ▒·▒▒·▒ ▒·▒
▒··▒ ▒·▒▒·▒ ▒·▒
▒··▒▒▒▒<▒▒·▒ ▒·▒
▒·····▒·▒▒·▒ ▒·▒
▒·▒▒▒·▒··%·▒▒▒▒▒·▒
▒·▒ ▒·▒··········▒
▒·▒ ▒·▒·▒▒▒▒▒▒▒▒▒▒
▒·▒ ▒@▒·▒
▒·▒▒▒·▒·▒ ▒
▒·····▒·▒
▒·▒▒▒▒▒▒·▒·▒
▒···%%%)▒··▒
▒▒▒▒▒▒▒▒···▒▒▒▒▒▒▒
▒··{··········
▒·▒·▒·▒·▒·▒·▒▒
▒▒▒···········▒


There were no monsters in sight!


Message History

Okay, then.
Drink which item? (? for menu, Esc to quit)
You feel better.
It was a potion of curing.
It barely misses you. It barely misses you.
Drink which item? (? for menu, Esc to quit)
You feel more clever all of a sudden.
It was a potion of brilliance.
You hear some strange, mumbled words.
You are confused.
It hits you.
You see here a club.
It hits you.
* * * LOW HITPOINT WARNING * * *
You see here a club.
Ouch! It hits you but does no damage.
You hear some strange, mumbled words.
Something tries to affect you, but you resist.
Ouch! You feel less confused.
You hear some strange, mumbled words.
The puff of flame hits you!
* * * LOW HITPOINT WARNING * * *
The puff of flame hits you!
* * * LOW HITPOINT WARNING * * *
Evoke which item? (* to show all) (? for menu, Esc to quit)
Zapping:
d - a wand of random effects (8) This wand has 7 charges left.
The magic dart hits you!
You die...
Your body disappears without a glow.

Action                   |  1- 3 |  4- 6 || total
-------------------------+-------+-------++-------
Melee: Short sword       |   122 |   158 ||   280
Evoke: Wand              |    11 |    23 ||    34
  Use: Scroll            |       |    12 ||    12
       Potion            |       |     6 ||     6
 Stab: Sleeping          |     3 |       ||     3
       Confused          |     1 |       ||     1
       Distracted        |       |     1 ||     1

Vault maps used:
D:1:      mrwooster_entry_arrow, item_on_display_a
D:3:      lemuel_crystal_altar, first_bread
D:4:      minmay_temple_entry_glass, serial_shops, shop, uniq_grinder
Temple:   minmay_temple_bridge_a_8

Notes
Turn   | Place    | Note
--------------------------------------------------------------
     0 | D:1      | MackTheKnife, the Halfling Artificer, began the quest for the Orb.
     0 | D:1      | Reached XP level 1. HP: 14/14 MP: 1/1
   283 | D:1      | Reached XP level 2. HP: 16/19 MP: 3/3
   295 | D:1      | HP: 1/19 [hobgoblin/club (2)]
   715 | D:1      | Reached skill level 2 in Short Blades
  1039 | D:1      | Reached XP level 3. HP: 17/24 MP: 4/4
  1163 | D:1      | Reached skill level 3 in Dodging
  1591 | D:2      | Reached skill level 4 in Evocations
  1621 | D:2      | Reached skill level 3 in Short Blades
  1795 | D:2      | Reached XP level 4. HP: 19/29 MP: 6/6
  2705 | D:3      | Reached XP level 5. HP: 34/34 MP: 8/8
  3080 | D:3      | Found a glowing golden altar of the Shining One.
  3389 | D:3      | Reached skill level 4 in Dodging
  3734 | D:4      | Reached skill level 4 in Short Blades
  3884 | D:4      | Noticed Grinder
  3906 | D:4      | Noticed an ogre
  3908 | D:4      | Found a staircase to the Ecumenical Temple.
  3917 | D:4      | an ogre (ally) was killed
  3952 | D:4      | Reached XP level 6. HP: 39/39 MP: 10/10
  3981 | Temple   | Entered the Ecumenical Temple
  4012 | Temple   | Became a worshipper of Nemelex Xobeh
  4076 | D:4      | Killed from afar by an orc wizard

Vanquished Creatures
  An ogre (D:4)
  A hound (D:4)
  A centaur skeleton (D:4)
  6 adders
  5 gnolls (D:4)
  An inept feature mimic (D:3)
  A worm (D:2)
  2 oozes
  6 orcs
  2 ball pythons
  9 bats
  4 giant cockroaches
  12 goblins
  5 hobgoblins
  5 jackals
  5 giant newts
  7 kobolds
  A quokka (D:2)
  5 rats
79 creatures vanquished.

Vanquished Creatures (collateral kills)
  A gnoll shaman (D:4)
  A gnoll (D:4)
2 creatures vanquished.

Grand Total: 81 creatures vanquished
